 Dungeon Crawl Stone Soup version 0.30-a0-368-g86fb4627a9 (webtiles) character file.

Game seed: 609818727855178050

1163 qeuew the Covered (level 8, -10/68 HPs)
             Began as a Minotaur Hunter on Nov 18, 2022.
             Was an Initiate of Gozag.
             Mangled by Duvessa
             ... wielding a +0 rapier
              (13 damage)
             ... on level 6 of the Dungeon.
             The game lasted 00:09:02 (4129 turns).

qeuew the Covered (Minotaur Hunter)                 Turns: 4129, Time: 00:09:02

Health: -10/68     AC:  5    Str: 14    XL:     8   Next: 17%
Magic:  7/7        EV: 14    Int:  6    God:    Gozag
Gold:   341        SH:  6    Dex: 16    Spells: 7/7 levels left

rFire   + . .      SeeInvis .    i - +0 war axe
rCold   + . .      Faith    .    (no shield)
rNeg    . . .      Spirit   .    c - +0 leather armour
rPois   +          Reflect  .    (helmet unavailable)
rElec   +          Harm     .    (no cloak)
rCorr   +          Rampage  .    (no gloves)
Will    .....                    (no boots)
Stlth   +.........               (no amulet)
HPRegen 0.31/turn                (no ring)
MPRegen 0.10/turn                (no ring)

@: mighty, resistant (expiring), unable to read
A: horns 3, retaliatory headbutt, iridescent scales 1, large bone plates 2, weak
1, inability to read after injury 1
a: Renounce Religion, Potion Petition, Call Merchant, Bribe Branch


You were on level 6 of the Dungeon.
You worshipped Gozag.
Gozag was aware of your devotion.
You visited 2 branches of the dungeon, and saw 7 of its levels.

You collected 407 gold pieces.
You paid 66 gold pieces to Gozag.

Inventory:

Hand Weapons
 a - a +0 shortbow
 i - a +0 war axe (weapon)
Armour
 c - a +0 leather armour (worn)
Wands
 m - a wand of flame (23)
Scrolls
 d - a scroll of teleportation
 f - 2 scrolls of blinking
 h - 3 scrolls of magic mapping
 l - a scroll of amnesia
Potions
 e - 2 potions of might
 g - a potion of resistance
 j - 3 potions of ambrosia
 k - a potion of curing
 n - a potion of brilliance


   Skills:
 + Level 5.2 Fighting
 + Level 4.0 Axes
 + Level 6.1 Ranged Weapons
 * Level 6.6 Armour
 + Level 4.9 Dodging
 - Level 0.7 Stealth
 + Level 0.9 Evocations


You had 7 spell levels left.
You didn't know any spells.
Your spell library contained the following spells:

 Spells                   Type           Power      Damage    Failure   Level
 Apportation              Tloc           0%         N/A       52%         1
 Foxfire                  Conj/Fire      0%         2x1d4     52%         1
 Freeze                   Ice            0%         1d3       52%         1
 Necrotise                Necr           0%         1d4       52%         1
 Sandblast                Erth           0%         2d4       52%         1
 Summon Small Mammal      Summ           0%         N/A       52%         1
 Ensorcelled Hibernation  Hex/Ice        0%         N/A       67%         2
 Passwall                 Tmut/Erth      0%         N/A       67%         2
 Frozen Ramparts          Ice            0%         1d1       88%         3
 Hailstorm                Conj/Ice       0%         3d3       88%         3
 Spider Form              Tmut/Pois      0%         N/A       88%         3
 Stone Arrow              Conj/Erth      0%         3d7       88%         3
 Anguish                  Hex/Necr       0%         N/A       99%         4
 Fireball                 Conj/Fire      0%         3d3       100%        5
 Starburst                Conj/Fire      0%         6d3       100%        6


Dungeon Overview and Level Annotations

Branches:
Dungeon (6/15)             Temple (1/1) D:4

Altars:
Fedhas
Gozag
Hepliaklqana
Kikubaaqudgha
Makhleb
Nemelex Xobeh
Okawaru
Qazlal
Ru
Trog
Uskayaw
Vehumet
The Shining One

Annotations:
D:5 1 runed translucent door, Crazy Yiuf
D:6 Duvessa


Innate Abilities, Weirdness & Mutations

You have a pair of large horns on your head.
You reflexively headbutt those who attack you in melee.
You are partially covered in iridescent scales. (AC +2)
You are mostly covered in large bone plates. (SH +6)
You are weak. (Str -2)
You occasionally lose the ability to read scrolls when taking damage.


Message History

You slash the bullfrog!
You kill the bullfrog!
You hit the orc warrior but do no damage.
You hit the orc wizard.
The orc wizard is no longer distracted by gold.
The orc wizard hits you with a +0 dagger.
The orc warrior hits you with a +0 short sword.
Duvessa is distracted by your dazzling golden aura.
Your Axes skill increases to level 4!
You hit Duvessa.
Duvessa is no longer distracted by gold.
Duvessa is lightly wounded.
You hit the orc wizard but do no damage.
You barely miss the orc warrior. Duvessa hits you with a +0 rapier!
You feel threatened and lose the ability to read scrolls!
The orc wizard closely misses you. You furiously retaliate!
You headbutt the orc wizard!
You kill the orc wizard!
The orc warrior hits you with a +0 short sword.
* * * LOW HITPOINT WARNING * * *
Unknown command.
You cannot read scrolls in your current state!
You feel very mighty all of a sudden.
Duvessa is distracted by your dazzling golden aura.
Duvessa shouts!
You slash Duvessa!
Duvessa is no longer distracted by gold.
Duvessa is moderately wounded.
You hit the orc warrior.
You start to feel less resistant.
Duvessa hits you with a +0 rapier!
* * * LOW HITPOINT WARNING * * *
The orc wizard gestures at you while chanting.
The puff of flame hits you. You resist.
* * * LOW HITPOINT WARNING * * *
The orc warrior hits you with a +0 short sword.
* * * LOW HITPOINT WARNING * * *
Duvessa hits you with a +0 rapier!
You die...
Your body crumbles into a pile of gold.

... #.# ...
#.# ... #.#
#e# #@#
#.....$o$o#
#.#####.#.#
#...# #.# #
... ..$ ...


You could see Duvessa (berserk, fast), an orc warrior and an orc wizard.

Vanquished Creatures
  Sigmund (D:2)
  Eustachio (D:5)
  An ice beast (D:6)
  A centaur (D:5)
  A bullfrog (D:6)
  2 scorpions
  Dowan (D:6)
  2 hounds
  2 jellies
  An orc priest (D:5)
  An iguana (D:5)
  2 orc wizards
  3 gnolls (D:2)
  8 adders
  3 worms
  9 orcs
  8 ball pythons
  3 bats
  13 endoplasms
  9 giant cockroaches
  3 hobgoblins
  13 jackals
  5 quokkas
  7 frilled lizards
  9 goblins
  10 kobolds
  8 rats
127 creatures vanquished.

Notes
Turn   | Place    | Note
-------+----------+-------------------------------------------
     0 | D:1      | qeuew the Minotaur Hunter began the quest for the Orb.
     0 | D:1      | Reached XP level 1. HP: 18/18 MP: 0/0
    52 | D:1      | Reached skill level 1 in Armour
    62 | D:1      | Reached XP level 2. HP: 25/25 MP: 1/1
   308 | D:1      | Reached XP level 3. HP: 30/30 MP: 2/2
   841 | D:2      | Noticed Sigmund
   906 | D:2      | Killed Sigmund
   907 | D:2      | Reached skill level 1 in Axes
   907 | D:2      | Reached skill level 5 in Ranged Weapons
   907 | D:2      | Reached XP level 4. HP: 5/40 MP: 3/3
   907 | D:2      | Reached XP level 5. HP: 6/46 MP: 4/4
  1369 | D:2      | Reached XP level 6. HP: 44/52 MP: 5/5
  1454 | D:2      | Found a faded altar of an unknown god.
  1703 | D:3      | Found a glowing golden altar of the Shining One.
  2061 | D:3      | Found an ancient bone altar of Kikubaaqudgha.
  2156 | D:3      | Found a hazy altar of Hepliaklqana.
  2278 | D:3      | Gained mutation: You are partially covered in iridescent
                  | scales. (AC +2) [potion of mutation]
  2278 | D:3      | Gained mutation: You occasionally lose the ability to read
                  | scrolls when taking damage. [potion of mutation]
  2278 | D:3      | Gained mutation: Your mind is acute. (Int +4, Str/Dex -1)
                  | [potion of mutation]
  2280 | D:3      | Lost mutation: You are partially covered in iridescent
                  | scales. (AC +2) [potion of mutation]
  2280 | D:3      | Lost mutation: Your mind is acute. (Int +4, Str/Dex -1)
                  | [potion of mutation]
  2280 | D:3      | Gained mutation: You are frail. (-10% HP) [potion of
                  | mutation]
  2280 | D:3      | Gained mutation: You have hidden genetic potential. [potion
                  | of mutation]
  2280 | D:3      | Gained mutation: You are partially covered in large bone
                  | plates. (SH +4) [potion of mutation]
  2281 | D:3      | Lost mutation: You have hidden genetic potential. [potion
                  | of mutation]
  2281 | D:3      | Lost mutation: You are frail. (-10% HP) [potion of
                  | mutation]
  2281 | D:3      | Gained mutation: You are weak. (Str -2) [potion of
                  | mutation]
  2281 | D:3      | Gained mutation: You are partially covered in iridescent
                  | scales. (AC +2) [potion of mutation]
  2281 | D:3      | Gained mutation: You have a pair of large horns on your
                  | head. [potion of mutation]
  2281 | D:3      | Gained mutation: You are mostly covered in large bone
                  | plates. (SH +6) [potion of mutation]
  2461 | D:4      | Identified the +6 mace of Kuck {vorpal, MP+9 Int-5 SInv}
  2669 | D:4      | Found a staircase to the Ecumenical Temple.
  2829 | Temple   | Entered the Ecumenical Temple
  2959 | Temple   | Became a worshipper of Gozag Ym Sagoz the Greedy
  3103 | D:4      | Identified the +4 robe of Catatonia {rElec Dex-5 Archmagi}
  3224 | D:5      | Entered Level 5 of the Dungeon
  3285 | D:5      | Noticed Eustachio
  3312 | D:4      | Reached skill level 5 in Armour
  3312 | D:4      | Reached XP level 7. HP: 53/60 MP: 6/6
  3322 | D:5      | Killed Eustachio
  3791 | D:5      | Reached skill level 5 in Fighting
  3906 | D:5      | Identified the +5 short sword of the Yoke {drain, Stlth+}
  3986 | D:5      | Found a runed translucent door.
  3987 | D:5      | Noticed Crazy Yiuf
  4046 | D:5      | Noticed a moth of wrath
  4050 | D:5      | Found a bloodstained altar of Trog.
  4110 | D:6      | Reached XP level 8. HP: 54/68 MP: 7/7
  4115 | D:6      | Noticed Dowan
  4119 | D:6      | Noticed Duvessa
  4120 | D:6      | Killed Dowan
  4129 | D:6      | HP: 3/68 [orc warrior/+0 short sword (6)]
  4129 | D:6      | Mangled by Duvessa

Illustrated notes

Levels and vault maps discovered:
D:1:      dpeg_arrival_rooms_b, layout_basic
D:2:      layout_rooms, serial_co_window_serial, co_window_paths_a,
          co_window_paths_a, co_window_paths_b, co_window_paths_a,
          co_window_paths_a, co_window_broadway_a, co_window_cross_3,
          co_window_of_opportunity_b, glass_columns_b, glass_columns_c,
          chequers_ecumenical_altar_twisty, uniq_sigmund
D:3:      layout_rooms, mainiacjoe_overflow_six_doors_small,
          overflow_temple_1_default, mainiacjoe_overflow_concentric_impassable,
          kennysheep_generic_room_16
D:4:      kennysheep_big_flooded_room, layout_loops_ring,
          minmay_temple_entry_overgrown
D:5:      layout_cave_pools, tgw_trog, minmay_misc_feat_alley,
          kb_lookout_dungeons_type, uniq_eustachio, uniq_crazy_yiuf_cottage
D:6:      layout_loops_ring, nicolae_yredelemnul_ghost_church,
          grunt_decor_fettered, nicolae_shop_i_like_big_books, uniq_duvessa
Temple:   regret_index_temple_generic_petals

Skill      XL: |  1  2  3  4  5  6  7  8 |
---------------+-------------------------+-----
Armour         | 1 3 4 5 6 |  6.6
Fighting       | 3 4 5 |  5.2
Axes           | 1 2 3 4 |  4.0
Ranged Weapons | 5 6 |  6.1
Dodging        | 3 4 |  4.9
Stealth        | |  0.7
Evocations     | |  0.9

Action                   |  1- 3 |  4- 6 |  7- 9 || total
-------------------------+-------+-------+-------++-------
Melee: Hand axe          |       |    10 |       ||    10
       War axe           |       |    12 |    26 ||    38
       Headbutt          |       |     3 |     3 ||     6
 Fire: Shortbow          |   109 |   178 |    62 ||   349
  Use: Potion            |     4 |     5 |     4 ||    13
       Scroll            |     2 |     6 |     2 ||    10
Armor: Leather armour    |     9 |    12 |    17 ||    38
Dodge: Dodged            |    27 |    62 |    46 ||   135
Block: Other             |       |     9 |    15 ||    24

Table legend: (Time is in decaauts)
 A = Elapsed time spent in this place.
 B = Non-inter-level travel time spent in this place.
 C = Inter-level travel time spent in this place.
 D = Time resting spent in this place.
 E = Time spent auto-exploring this place.
 F = Levels seen in this place.
 G = Mean time per level.
                   A        B        C        D        E       F      G
               +--------+--------+--------+--------+--------+-----+--------+
         Total |   4234 |   3980 |    254 |     50 |   3109 |   7 |  604.9 |
       Dungeon |   4081 |   3858 |    223 |     50 |   2994 |   6 |  680.2 |
        Temple |    152 |    122 |     30 |      0 |    115 |   1 |  152.0 |
               +--------+--------+--------+--------+--------+-----+--------+

Top non-repeatable levels by time:
     D:2: 1020 daAuts
     D:5: 877 daAuts
     D:4: 789 daAuts
     D:1: 692 daAuts
     D:3: 665 daAuts
  Temple: 152 daAuts
     D:6: 36 daAuts
